 Dungeon Sprint DCSS version 0.17-a0-1954-g0dddeaa (webtiles) character file.

175 kosy22 the Ducker (level 5, 0/57 HPs)
             Began as a Troll Fighter on Oct 4, 2015.
             Was an Initiate of Jiyva.
             Slain by a troll (14 damage)
             ... in the Dungeon (Sprint IX: "|||||||||||||||||||||||||||||").
             The game lasted 00:00:48 (146 turns).

kosy22 the Ducker (Troll Fighter)                    Turns: 146, Time: 00:00:49

Health: 0/57       AC:  5    Str: 25    XL:     5   Next: 29%
Magic:  4/4        EV: 10    Int:  4    God:    Jiyva [......]
Gold:   0          SH:  9    Dex:  9    Spells: 0 memorised, 4 levels left

rFire  . . .     SeeInvis .     q - +8 demon blade "Bloodbane" {slice, *Rage +Rage Stlth-}
rCold  . . .     Rnd*Rage +     a - +0 robe
rNeg   . . .     SustAt   .     b - +0 shield
rPois  .         Gourm    +     (helmet restricted)
rElec  .         Spirit   .     (no cloak)
rCorr  .         Warding  .     (gloves unavailable)
rMut   .         NoTele   +     (boots unavailable)
MR     .....                    (no amulet)
Stlth  ..........               (no ring)
                                (no ring)

@: lethally poisoned (0 -> -1), not resistant to hostile enchantments, extremely
unstealthy
A: unfitting armour, claws 3, fast metabolism 3, gourmand, regeneration 2,
shaggy fur 1, tough skin 2
a: Renounce Religion, Evoke Berserk Rage


You were in the Dungeon.
You worshipped Jiyva.
Jiyva was noncommittal.
You were not hungry.

You visited 1 branch

Inventory:

Hand weapons
 q - the +8 demon blade "Bloodbane" (weapon) {slice, *Rage +Rage Stlth-}
   (You found it in the Dungeon)

   It inflicts extra damage upon your enemies.
   It lets you go berserk.
   It may make you go berserk in combat.
   It makes you less stealthy.
Armour
 a - a +0 robe (worn)
 b - a +0 shield (worn)
Jewellery
 o - a +3 ring of dexterity
 p - a +3 ring of intelligence
Magical devices
 n - a wand of draining (7)
Scrolls
 j - 2 scrolls of blinking
 l - 3 scrolls of remove curse
 m - 2 scrolls of amnesia
Potions
 c - a potion of might
 e - 5 potions of curing
 f - 3 potions of heal wounds
 g - a potion of haste
 h - 4 potions of magic
 i - a potion of berserk rage
 k - a potion of invisibility
Comestibles
 d - 2 bread rations


   Skills:
 + Level 5.2 Fighting
 + Level 1.2 Long Blades
 + Level 5.9 Dodging
 + Level 5.0 Shields
 + Level 4.0 Unarmed Combat


You had 4 spell levels left.
You didn't know any spells.

Dungeon Overview and Level Annotations

Branches:
Dungeon (1/1)

Altars:
Cheibriados
Dithmenos
Elyvilon
Fedhas
Gozag
Kikubaaqudgha
Makhleb
Nemelex Xobeh
Okawaru
Qazlal
Ru
Sif Muna
Trog
Vehumet
Xom
Yredelemnul
Zin
The Shining One
Beogh
Jiyva
Lugonu


Innate Abilities, Weirdness & Mutations

You are too large for most types of armour.
You have claws for hands.
Your metabolism is lightning-fast.
You like to eat raw meat.
You heal very quickly.
You are covered in fur (AC +1).
You have very tough skin (AC +2).


Message History

The worker ant poisons you!
You slash the worker ant!
The worker ant is severely wounded.
You feel sick. You block the worker ant's attack.
You slash the worker ant!
You kill the worker ant!
Your Shields skill increases to level 5!
Your Unarmed Combat skill increases to level 4!
You feel sick.
You slash the troll!
The troll is heavily wounded.
You feel sick. The troll barely misses you. The troll completely misses you.
The troll claws you!
You slice the troll!!
The troll is almost dead.
The troll bites you!
* * * LOW HITPOINT WARNING * * *
The troll claws you but does no damage. You block the troll's attack.
The troll completely misses you. The troll claws you!
You die...

▓.▓
▓.▓
▓|▓
▓)▓
▓[▓
▓[▓
▓[▓
▓.▓
▓@▓
▓T▓
▓Z▓
▓.▓
▓.▓
▓.▓
▓.▓
▓.▓


You could see a troll and a jackal zombie.

Vanquished Creatures
  A black bear (D)
  A crimson imp (D)
  A worker ant (D)
  A gnoll (D)
  2 orcs (D)
  A bat skeleton (D)
  A hobgoblin (D)
  A quokka (D)
  A bat (D)
  A giant gecko zombie (D)
  3 rats (D)
14 creatures vanquished.

Notes
Turn   | Place    | Note
--------------------------------------------------------------
     0 | D        | kosy22 the Troll Fighter began the quest for the Orb.
     0 | D        | Reached XP level 1. HP: 22/22 MP: 0/0
    24 | D        | Reached skill level 3 in Shields
    30 | D        | Reached XP level 2. HP: 25/31 MP: 1/1
    67 | D        | Found a glowing silver altar of Zin.
    67 | D        | Found a glowing golden altar of the Shining One.
    67 | D        | Found an ancient bone altar of Kikubaaqudgha.
    67 | D        | Found a basalt altar of Yredelemnul.
    67 | D        | Found a shimmering altar of Xom.
    67 | D        | Found a radiant altar of Vehumet.
    68 | D        | Found an iron altar of Okawaru.
    69 | D        | Found a burning altar of Makhleb.
    70 | D        | Found a deep blue altar of Sif Muna.
    71 | D        | Found a bloodstained altar of Trog.
    72 | D        | Found a sparkling altar of Nemelex Xobeh.
    73 | D        | Found a white marble altar of Elyvilon.
    74 | D        | Found a roughly hewn altar of Beogh.
    75 | D        | Found a viscous altar of Jiyva.
    76 | D        | Found a corrupted altar of Lugonu.
    77 | D        | Found a blossoming altar of Fedhas.
    78 | D        | Found a snail-covered altar of Cheibriados.
    79 | D        | Found a shadowy altar of Dithmenos.
    80 | D        | Found a stormy altar of Qazlal.
    81 | D        | Found an opulent altar of Gozag.
    82 | D        | Found a sacrificial altar of Ru.
    89 | D        | Became a worshipper of Jiyva Joev the Shapeless
   135 | D        | Noticed a black bear
   135 | D        | Noticed a crimson imp
   135 | D        | Noticed a worker ant
   135 | D        | Noticed a troll
   140 | D        | Killed a black bear
   140 | D        | Reached skill level 4 in Fighting
   140 | D        | Reached skill level 5 in Dodging
   140 | D        | Reached XP level 3. HP: 30/40 MP: 2/2
   140 | D        | Reached XP level 4. HP: 36/49 MP: 3/3
   142 | D        | Killed a crimson imp
   142 | D        | Reached skill level 5 in Fighting
   142 | D        | Reached skill level 1 in Long Blades
   142 | D        | Reached XP level 5. HP: 39/57 MP: 4/4
   144 | D        | Killed a worker ant
   144 | D        | Reached skill level 5 in Shields
   146 | D        | Slain by a troll

Vault maps used:
D:        linesprint

Action                   |  1- 3 |  4- 6 || total
-------------------------+-------+-------++-------
Melee: Unarmed           |    26 |       ||    26
       Demon blade       |     5 |     6 ||    11
